 Dungeon Crawl Stone Soup version 0.23.0-28-g6fe0f4dc8b (webtiles) character file.

Game seed: 8314882034628258078

133 Peloso the Covered (level 4, -1/41 HPs)
             Began as a Minotaur Fighter on Feb 26, 2019.
             Slain by Grinder (6 damage)
             ... while paralysed by Grinder
             ... on level 3 of the Dungeon.
             The game lasted 00:02:25 (1930 turns).

Peloso the Covered (Minotaur Fighter)               Turns: 1930, Time: 00:02:25

Health: -1/41      AC:  9    Str: 26    XL:     4   Next: 93%
Magic:  3/3        EV:  2    Int:  5    God:
Gold:   87         SH:  0    Dex: 10    Spells: 3/3 levels left

rFire    . . .     SeeInvis .   a - +0 long sword
rCold    . . .     Gourm    .   c - +0 shield
rNeg     . . .     Faith    .   b - +0 scale mail
rPois    .         Spirit   .   (helmet restricted)
rElec    .         Reflect  .   (no cloak)
rCorr    .         Harm     .   m - +0 pair of gloves
MR       .....                  l - +0 pair of boots
Stlth    ..........             (no amulet)
HPRegen  0.13/turn              (no ring)
MPRegen  0.08/turn              (no ring)

@: paralysed, mighty
A: retaliatory headbutt, horns 2
a: no special abilities


You were on level 3 of the Dungeon.
You were very hungry.

You visited 1 branch of the dungeon, and saw 3 of its levels.

You collected 87 gold pieces.

Inventory:

Hand Weapons
 a - a +0 long sword (weapon)
Armour
 b - a +0 scale mail (worn)
 c - a +0 shield (worn)
 l - a +0 pair of boots (worn)
 m - a +0 pair of gloves (worn)
Jewellery
 r - an uncursed ring of fire {unknown}
 u - an uncursed ring of wizardry {unknown}
Scrolls
 h - 2 scrolls of fear {unknown}
 i - 2 scrolls of teleportation {unknown}
 j - a scroll of immolation {unknown}
 n - 2 scrolls of enchant armour {unknown}
 o - 3 scrolls of fog {unknown}
 p - 2 scrolls of amnesia {unknown}
 s - a scroll of random uselessness {unknown}
 t - a scroll of remove curse {unknown}
 v - a scroll of blinking {unknown}
 w - a scroll of identify {unknown}
 x - a scroll of noise {unknown}
 y - a scroll of enchant weapon {unknown}
Potions
 e - 4 potions of mutation {unknown}
 g - 2 potions of cancellation {unknown}
 k - a potion of resistance {unknown}
 q - 2 potions of heal wounds {unknown}
 z - a potion of flight {unknown}
Comestibles
 f - 6 rations


   Skills:
 + Level 4.5 Fighting
 + Level 3.7 Long Blades
 + Level 4.6 Armour
 + Level 0.6 Dodging
 + Level 4.5 Shields


You had 3 spell levels left.
You didn't know any spells.
Your spell library was empty.

Dungeon Overview and Level Annotations

Branches:
Dungeon (3/15)

Altars:

Annotations:
D:3 Grinder


Innate Abilities, Weirdness & Mutations

You reflexively headbutt those who attack you in melee.
You have a pair of horns on your head.


Message History

Grinder blinks!
Unknown command.
You hit Grinder but do no damage. Your headbutt misses Grinder.
Grinder is heavily wounded.
Grinder gestures at you.
You barely resist. Grinder hits you!
* * * LOW HITPOINT WARNING * * *
You writhe in agony.
* * * LOW HITPOINT WARNING * * *
You feel very mighty all of a sudden. Grinder hits you but does no damage.
You closely miss Grinder. Your headbutt misses Grinder.
Grinder is heavily wounded.
You block Grinder's attack.
You slash Grinder!
Grinder is severely wounded.
Grinder gestures at you.
You suddenly lose the ability to move!
Grinder hits you.
You die...

#..# #
#######..#
#.#####........#
#..........###.#
#######.......#
#.#
..#..........#
#..
#.#.##.......#
###.
#.#5##....)..# .
#.@.##.......#
#.####.......#
#. ######### #.
#. #. #. #.


You could see Grinder.

Vanquished Creatures
  An ogre (D:2)
  4 dart slugs
  A ball python (D:2)
  4 bats
  A giant cockroach (D:1)
  8 goblins
  3 hobgoblins
  9 jackals
  2 quokkas
  A frilled lizard (D:3)
  3 kobolds
  3 rats
40 creatures vanquished.

Notes
Turn   | Place    | Note
-------+----------+-------------------------------------------
     0 | D:1      | Peloso the Minotaur Fighter began the quest for the Orb.
     0 | D:1      | Reached XP level 1. HP: 19/19 MP: 0/0
   176 | D:1      | Reached XP level 2. HP: 25/27 MP: 1/1
   854 | D:2      | Reached XP level 3. HP: 33/33 MP: 2/2
  1012 | D:2      | Noticed an ogre
  1017 | D:2      | Killed an ogre
  1017 | D:2      | Reached XP level 4. HP: 41/41 MP: 3/3
  1053 | D:2      | Found a faded altar of an unknown god.
  1910 | D:3      | Noticed Grinder
  1911 | D:3      | Paralysed by Grinder for 7 turns
  1929 | D:3      | Paralysed by Grinder for 4 turns
  1930 | D:3      | Slain by Grinder

Skill      XL: |  1  2  3 |
---------------+----------+-----
Armour         | 4 |  4.6
Shields        | 4 |  4.5
Fighting       | 4 |  4.5
Long Blades    | 3 |  3.7
Dodging        | |  0.6

Action                   |  1- 3 |  4- 6 || total
-------------------------+-------+-------++-------
Melee: Long sword        |    46 |    30 ||    76
       Headbutt          |    13 |     6 ||    19
  Use: Potion            |     1 |     1 ||     2
  Eat: Chunk             |       |     2 ||     2
Armor: Scale mail        |    25 |    10 ||    35
Dodge: Dodged            |    15 |     5 ||    20
Block: Shield            |    25 |    23 ||    48
       Rpst.: Long sword |     5 |       ||     5
